 Dungeon Crawl Stone Soup version 0.30-a0-1163-gf69bf04e7a (webtiles) character file.

Game seed: 3628340894667836975

302 cforsyth the Caller (level 5, -1/37 (38) HPs)
             Began as a Demigod Summoner on Apr 29, 2023.
             Slain by an orc
             ... wielding a +0 hand axe
              (6 damage)
             ... on level 3 of the Dungeon.
             The game lasted 00:05:05 (2919 turns).

cforsyth the Caller (Demigod Summoner)              Turns: 2919, Time: 00:05:06

HP:   -1/37 (38)    AC:  2    Str:  9    XL:     5   Next: 90%
MP:   7/14          EV: 12    Int: 21    God:
Gold: 117           SH:  0    Dex: 14    Spells: 3/12 levels left

rFire   . . .        (no weapon)
rCold   . . .        (no shield)
rNeg    . . .        a - +0 robe
rPois   .            (no helmet)
rElec   .            (no cloak)
rCorr   .            (no gloves)
SInv    .            (no boots)
Will    .....        (no amulet)
Stlth   ++           (no ring)
HPRegen 0.26/turn    (no ring)
MPRegen 0.14/turn

%: no passive effects
@: lightly drained
A: high MP 1, forlorn, divine attributes
a: no special abilities


You were on level 3 of the Dungeon.
You visited 1 branch of the dungeon, and saw 3 of its levels.

You collected 117 gold pieces.

Inventory:

Armour
 a - a +0 robe (worn)
Scrolls
 f - 2 scrolls of poison {unknown}
 g - a scroll of identify {unknown}
 j - a scroll of enchant armour {unknown}
 k - a scroll of blinking {unknown}
 l - a scroll of vulnerability {unknown}
 m - a scroll of teleportation {unknown}
 n - a scroll of amnesia {unknown}
 o - 2 scrolls of noise {unknown}
 p - a scroll of enchant weapon {unknown}
Potions
 b - a potion of magic
 c - a potion of heal wounds {unknown}
 d - a potion of mutation {unknown}
 e - a potion of curing {unknown}
 h - a potion of flight {unknown}
 i - a potion of brilliance {unknown}


   Skills:
 - Level 1.7 Dodging
 - Level 1.7 Stealth
 + Level 4.0 Spellcasting
 + Level 5.4 Summonings


You had 3 spell levels left.
You knew the following spells:

 Your Spells              Type           Power      Damage    Failure   Level
a - Summon Small Mammal   Summ           100%       N/A       1%          1
b - Call Imp              Summ           54%        N/A       1%          2
c - Call Canine Familiar  Summ           27%        N/A       3%          3
d - Summon Guardian Gole  Hex/Summ       15%        N/A       12%         3

Your spell library contained the following spells:

 Spells                   Type           Power      Damage    Failure   Level
 Summon Lightning Spire   Summ/Air       15%        N/A       36%         4


Dungeon Overview and Level Annotations

Branches:
Dungeon (3/15)

Shops:
D:2 =


Innate Abilities, Weirdness & Mutations

You have an increased reservoir of magic. (+10% MP)
You shall have no god before yourself.
Your divine heritage dramatically boosts your attributes as you level up.


Message History

The orc hits you with a +0 hand axe.
The orc hits your hound with a +0 hand axe.
Casting: Call Canine Familiar (dangerous; 3% risk of failure)
Confirm with . or Enter, or press ? or * to list all spells.
A tiny devil pulls itself out of the air.
The orc hits you with a +0 hand axe. The orc closely misses your hound.
The orc hits your cerulean imp with a +0 hand axe.
Your hound bites the orc but does no damage.
Casting: Call Imp (safe; 1% risk of failure)
Confirm with . or Enter, or press ? or * to list all spells.
Your hound closely misses the orc.
The kobold hits you with a +0 whip. The orc hits you with a +0 hand axe.
The orc hits your cerulean imp with a +0 hand axe.
The orc hits your hound with a +0 hand axe.
The orc closely misses you.
Your hound closely misses the orc.
Your cerulean imp hits the orc but does no damage.
Casting: Summon Small Mammal (safe; 1% risk of failure)
Confirm with . or Enter, or press ? or * to list all spells.
The orc hits you with a +0 hand axe. The orc closely misses your quokka.
The orc barely misses your cerulean imp.
The orc barely misses your hound. The kobold hits you with a +0 whip.
The orc hits you with a +1 falchion of flaming.
* * * LOW HITPOINT WARNING * * *
The orc burns you.
* * * LOW HITPOINT WARNING * * *
Your hound bites the orc but does no damage.
Your cerulean imp hits the orc but does no damage.
You swap places.
The kobold barely misses your quokka.
The orc hits your quokka with a +1 falchion of flaming.
The orc burns your quokka. The orc hits you with a +0 hand axe.
* * * LOW HITPOINT WARNING * * *
The orc hits your quokka with a +0 hand axe.
Your quokka dies!
Your quokka's corpse disappears in a puff of smoke!
The orc hits your cerulean imp with a +0 hand axe.
The orc barely misses your hound.
Your hound bites the orc but does no damage.
Your cerulean imp barely misses the orc.
The orc attacks as you move away! The orc hits you with a +0 hand axe.
You die...

.#.. .
######.#. ..
.......
#.##.....#
#........#
#.)...5#
.#.#..o.oh#
...[..Kr@.#
#.#.#$...##
......?....
#.#.########
... .#


You could see 2 orcs, a kobold, a friendly hound (summoned), a friendly cerulean
imp (summoned) and a friendly quokka (summoned).

Vanquished Creatures
  A ball python (D:1)
  A hobgoblin (D:2)
  A frilled lizard (D:1)
  A rat (D:1)
4 creatures vanquished.

Vanquished Creatures (collateral kills)
  2 jellies (D:2)
  Jessica (D:2)
  An orc wizard (D:2)
  4 gnolls (D:2)
  An adder (D:3)
  A worm (D:2)
  2 orcs (D:3)
  A ball python (D:2)
  9 endoplasms (D:2)
  2 giant cockroaches (D:1)
  A hobgoblin (D:1)
  9 kobolds (D:2)
  A quokka (D:1)
  3 frilled lizards
  2 rats
40 creatures vanquished.

Vanquished Creatures (others)
  A black bear (D:2)
  A hobgoblin (D:2)
  9 fungi (D:2)
  7 toadstools (D:2)
18 creatures vanquished.

Grand Total: 62 creatures vanquished

Notes
Turn   | Place    | Note
-------+----------+-------------------------------------------
     0 | D:1      | cforsyth the Demigod Summoner began the quest for the Orb.
     0 | D:1      | Reached XP level 1. HP: 14/14 MP: 5/5
   732 | D:2      | Reached XP level 2. HP: 20/20 MP: 5/7
   735 | D:2      | Learned a level 2 spell: Call Imp
   879 | D:2      | Noticed a black bear
  1052 | D:2      | Reached skill level 4 in Summonings
  1307 | D:2      | Reached XP level 3. HP: 26/26 MP: 3/9
  1311 | D:2      | Learned a level 3 spell: Call Canine Familiar
  1435 | D:2      | Reached XP level 4. HP: 33/33 MP: 2/11
  1519 | D:2      | Learned a level 3 spell: Summon Guardian Golem
  1658 | D:2      | Found Nowack's Jewellery Boutique.
  1832 | D:2      | Noticed Jessica
  1844 | D:2      | Killed Jessica
  2012 | D:2      | Killed a black bear
  2013 | D:2      | Reached skill level 5 in Summonings
  2013 | D:2      | Reached XP level 5. HP: 38/38 MP: 9/13
  2919 | D:3      | Slain by an orc

Illustrated notes

Levels and vault maps discovered:
D:1:      dpeg_arrival_long_road, layout_basic
D:2:      cheibrodos_fertilizer, layout_basic, serial_shops, shop_fountains,
          uniq_jessica
D:3:      layout_basic, gammafunk_temple_overflow_claw, serial_glass,
          glass_columns_b, glass_columns_a, minmay_lizard_king

Skill      XL: |  1  2  3  4  5 |
---------------+----------------+-----
Spellcasting   | 2 3 4 |  4.0
Summonings     | 4 5 |  5.4
Dodging        | |  1.7
Stealth        | |  1.7

Action                     |  1- 3 |  4- 6 || total
---------------------------+-------+-------++-------
  Melee: Unarmed           |    45 |     8 ||    53
         Punch             |     1 |       ||     1
   Cast: Summon Small Mamm |    36 |    19 ||    55
         Call Imp          |     8 |    11 ||    19
         Call Canine Famil |     3 |    14 ||    17
         Summon Guardian G |       |     1 ||     1
   Stab: Distracted        |     1 |       ||     1
 Armour: Robe              |    10 |     2 ||    12
  Dodge: Dodged            |    35 |    10 ||    45

Table legend: (Time is in decaauts)
 A = Elapsed time spent in this place.
 B = Non-inter-level travel time spent in this place.
 C = Inter-level travel time spent in this place.
 D = Time resting spent in this place.
 E = Time spent auto-exploring this place.
 F = Levels seen in this place.
 G = Mean time per level.
                   A        B        C        D        E       F      G
               +--------+--------+--------+--------+--------+-----+--------+
         Total |   2920 |   2860 |     60 |    488 |   1720 |   3 |  973.3 |
       Dungeon |   2920 |   2860 |     60 |    488 |   1720 |   3 |  973.3 |
               +--------+--------+--------+--------+--------+-----+--------+

Top non-repeatable levels by time:
     D:2: 2040 daAuts
     D:1: 859 daAuts
     D:3: 20 daAuts
